 Dungeon Crawl Stone Soup version 0.26-a0-969-g2c58977ddd (webtiles) character file.

Game seed: 8002829339732782629

0 Gargoyl the Skirmisher (level 1, 23/23 HPs)
             Began as a Gnoll Abyssal Knight on Dec 4, 2020.
             Was an Initiate of Lugonu.
             Quit the game on level 1 of the Dungeon.
             The game lasted 00:00:21 (256 turns).

Gargoyl the Skirmisher (Gnoll Abyssal Knight)        Turns: 256, Time: 00:00:21

Health: 23/23      AC:  3    Str: 14    XL:     1   Next: 0%
Magic:  3/3        EV: 12    Int: 14    God:    Lugonu [......]
Gold:   8          SH:  0    Dex: 14    Spells: 0/0 levels left

rFire    . . .     SeeInvis .   a - +1 hand axe
rCold    . . .     Faith    .   (no shield)
rNeg     . . .     Spirit   .   b - +0 leather armour
rPois    .         Reflect  .   (no helmet)
rElec    .         Harm     .   (no cloak)
rCorr    .         Rampage  .   (no gloves)
MR       .....                  (no boots)
Stlth    +.........             (no amulet)
HPRegen  0.07/turn              (no ring)
MPRegen  0.08/turn              (no ring)

@: no status effects
A: distributed training, fangs 1, strong nose
a: Renounce Religion


You were on level 1 of the Dungeon.
You worshipped Lugonu.
Lugonu was noncommittal.
You visited 1 branch of the dungeon, and saw 1 of its levels.
You visited the Abyss 1 time.

You collected 8 gold pieces.

Inventory:

Hand Weapons
 a - a +1 hand axe (weapon)
Armour
 b - a +0 leather armour (worn)


   Skills:
 + Level 6.4 Fighting
 + Level 0.0 Short Blades
 + Level 0.0 Long Blades
 + Level 4.4 Axes
 + Level 0.0 Maces & Flails
 + Level 0.0 Polearms
 + Level 0.0 Staves
 + Level 0.0 Slings
 + Level 0.0 Bows
 + Level 0.0 Crossbows
 + Level 0.0 Throwing
 + Level 4.4 Armour
 + Level 2.3 Dodging
 + Level 0.0 Stealth
 + Level 0.0 Shields
 + Level 0.0 Unarmed Combat
 + Level 0.0 Spellcasting
 + Level 0.0 Conjurations
 + Level 0.0 Hexes
 + Level 0.0 Summonings
 + Level 0.0 Necromancy
 + Level 0.0 Translocations
 + Level 0.0 Transmutations
 + Level 0.0 Fire Magic
 + Level 0.0 Ice Magic
 + Level 0.0 Air Magic
 + Level 0.0 Earth Magic
 + Level 0.0 Poison Magic
 + Level 4.4 Invocations
 + Level 0.0 Evocations


You couldn't memorise any spells.
You didn't know any spells.
Your spell library was empty.

Dungeon Overview and Level Annotations

Branches:
Dungeon (1/15)

Altars:


Innate Abilities, Weirdness & Mutations

Your experience applies equally to all skills.
You have very sharp teeth.
Your uncanny sense of smell can sniff out nearby items.


Message History

c - a scroll labelled LYXESK HUZA The worldbinder barely misses you.
The worldbinder hits you. The starspawn tentacle grabs you.
The starspawn tentacle constricts you. The tarantella misses you.
An ancient zyme comes into view.
You feel yourself growing ill in the presence of the ancient zyme.
Unknown command.
The starspawn tentacle loses its grip on you.
You pass through the gate.
You can no longer depart the Abyss at will.
There is a staircase leading out of the dungeon here.
As you read the scroll labelled LYXESK HUZA, it crumbles to dust.
You feel strangely unstable.
It was a scroll of teleportation.
Your surroundings suddenly seem different.
Magic restored.
HP restored.
You now have 4 gold pieces.
You now have 8 gold pieces (gained 4).
A rat comes into view.
Are you sure you want to abandon this character and quit the game? (Confirm with "yes".)

#.#.#
##.#♣.♣#....P.#
#<# #..♣.♣..P♣PP.#
#.#.# #.........♣♣
.. #.# #.#
####.#....P♣. .#
#.# #......P.♣ #
## ####.....PP♣
#.......#P.P
#####.##.#..###P.
#.@......#..# .#
.......###.####..#
###.### #... .# ..
##...# ## r ...# ∆
...# ...# ..#


You could see a rat (asleep).

Vanquished Creatures (others)
  8 starspawn tentacles (Abyss:2)
8 creatures vanquished.

Notes
Turn   | Place    | Note
-------+----------+-------------------------------------------
     0 | Abyss:1  | Gargoyl the Gnoll Abyssal Knight began the quest for the
                  | Orb.
     0 | Abyss:1  | Reached XP level 1. HP: 23/23 MP: 3/3
     4 | Abyss:2  | Found a corrupted altar of Lugonu.
    28 | Abyss:2  | Noticed a tentacled starspawn
    50 | Abyss:2  | Noticed an orange demon
    54 | Abyss:2  | Noticed a starcursed mass
    65 | Abyss:2  | Noticed a worldbinder
    66 | Abyss:2  | Noticed a jumping spider
    67 | Abyss:2  | Noticed an orb spider
    67 | Abyss:2  | Noticed a tarantella
    68 | Abyss:2  | Noticed an ancient zyme
    69 | D:1      | Escaped the Abyss
   256 | D:1      | Quit the game

Illustrated notes

Levels and vault maps discovered:
D:1:      lightli_arrival_chessboard, layout_loops_cross, serial_forest,
          infiniplex_forest_lined_3_way, infiniplex_forest_clump_diagonal,
          infiniplex_forest_straight_2, infiniplex_forest_end_2,
          infiniplex_forest_straight_2, infiniplex_forest_clump_double

Action                   || total
-------------------------++-------
Invok: Depart the Abyss  ||     1
  Use: Scroll            ||     1
Dodge: Dodged            ||     4

Table legend: (Time is in decaauts)
 A = Elapsed time spent in this place.
 B = Non-inter-level travel time spent in this place.
 C = Inter-level travel time spent in this place.
 D = Time resting spent in this place.
 E = Time spent auto-exploring this place.
 F = Levels seen in this place.
 G = Mean time per level.
                   A        B        C        D        E       F      G
               +--------+--------+--------+--------+--------+-----+--------+
         Total |    255 |    255 |      0 |      0 |    207 |   3 |   85.0 |
       Dungeon |    186 |    186 |      0 |      0 |    183 |   1 |  186.0 |
         Abyss |     68 |     68 |      0 |      0 |     24 |   2 |   34.0 |
               +--------+--------+--------+--------+--------+-----+--------+

Top non-repeatable levels by time:
     D:1: 186 daAuts
 Abyss:2: 65 daAuts
 Abyss:1: 3 daAuts
